AoeStats
← Kimik

Fortress

510611140Analyzed
1v1 RM · 23h ago on Oct 1, 2026· 44m 34s· 2 players
Game mode
Random Map
Map size
Small (3 player)
Population
200
Speed
Normal
Resources
Standard
Victory
Conquest
Starting age
Dark Age
Ending age
Imperial Age
RankedLock teamsTeams togetherTeam positionsShared explorationLock speedFull tech treeHidden civsTurbo modeCheats
Victory
Defeat
🇪🇸 Burgundians · Spain
1065
+15
🇪🇸 Byzantines · Spain
1053
-15
Nogui
7:09 Feudal Age
9:31 Loom
11:53 Castle Age
10:31 Double-Bit Axe
10:30 Horse Collar
11:20 Gold Mining
15:25 Fervor
16:02 Loom
18:05 Wheelbarrow
17:56 Pikeman
21:25 Squires
23:30 Hand Cart
26:31 Scale Mail Armor
26:41 Forging
30:57 Imperial Age
28:45 Chain Mail Armor
29:05 Iron Casting
29:26 Arson
31:09 Halberdier
32:11 Gambesons
32:57 Heavy Plow
33:39 Ballistics
34:20 Chemistry
36:16 Conscription
36:29 Murder Holes
37:36 Plate Mail Armor
37:14 Fletching
37:49 Elite Varangian Guard
38:57 Bodkin Arrow
39:03 Padded Archer Armor
39:34 Elite Skirmisher
40:17 Bracer
Kimik
6:58 Feudal Age
5:48 Double-Bit Axe
5:53 Horse Collar
7:39 Heavy Plow
10:23 Loom
13:01 Castle Age
11:23 Bow Saw
11:21 Gold Mining
12:14 Forging
13:35 Scale Barding Armor
14:09 Gold Shaft Mining
13:07 Cavalier
22:15 Wheelbarrow
23:41 Hand Cart
23:21 Stone Mining
24:58 Crop Rotation
29:49 Imperial Age
27:55 Burgundian Vineyards
28:04 Husbandry
29:07 Iron Casting
28:53 Chain Barding Armor
30:18 Two-Man Saw
29:54 Paladin
31:43 Chemistry
31:04 Ballistics
31:52 Blast Furnace
32:29 Stone Shaft Mining
32:43 Plate Barding Armor
34:35 Conscription
35:26 Padded Archer Armor
35:27 Scale Mail Armor
35:34 Squires
34:56 Pikeman
40:47 Leather Archer Armor
40:48 Chain Mail Armor
Connection lost

Rejoining the realm…

Still unreachable

The connection could not be restored.

Session expired

The server has moved on; the page needs a fresh start.